 Dungeon Crawl Stone Soup version 0.24.0-37-gcf1ca852f1 (webtiles) character file.

Game seed: 18262261340641947069, levelgen mode: deterministic

3633 Delamore the Severer (level 10, -8/83 HPs)
             Began as a Hill Orc Fighter on Nov 26, 2019.
             Was a Follower of Okawaru.
             Mangled by a wyvern (12 damage)
             ... on level 8 of the Dungeon.
             The game lasted 00:14:59 (9754 turns).

Delamore the Severer (Hill Orc Fighter)             Turns: 9754, Time: 00:14:59

Health: -8/83      AC: 11    Str: 23    XL:     10   Next: 11%
Magic:  10/10      EV:  7    Int:  8    God:    Okawaru [*.....]
Gold:   497        SH:  9    Dex: 10    Spells: 9/9 levels left

rFire    . . .     SeeInvis .   A - +2 war axe (flame)
rCold    . . .     Gourm    .   c - +0 shield
rNeg     . . .     Faith    .   b - +0 scale mail
rPois    .         Spirit   .   F - +0 helmet
rElec    .         Reflect  .   (no cloak)
rCorr    +         Harm     .   t - +1 pair of gloves
MR       .....                  a - +0 pair of boots
Stlth    ..........             (no amulet)
HPRegen  0.23/turn              l - ring of resist corrosion
MPRegen  0.12/turn              (no ring)

@: marked, slowed, very slow
A: no striking features
a: Heroism, Renounce Religion


You were on level 8 of the Dungeon.
You worshipped Okawaru.
Okawaru was aware of your devotion.
You were near starving.

You visited 2 branches of the dungeon, and saw 9 of its levels.
You also visited: Ossuary.

You collected 497 gold pieces.

Inventory:

Hand Weapons
 A - a +2 war axe of flaming (weapon)
Missiles
 C - a throwing net (quivered)
Armour
 a - a +0 pair of boots (worn)
 b - a +0 scale mail (worn)
 c - a +0 shield (worn)
 t - a +1 pair of gloves (worn)
 F - a +0 helmet (worn)
Jewellery
 l - a ring of resist corrosion (left hand)
Wands
 s - a wand of polymorph (13)
 y - a wand of clouds (8)
 E - a wand of acid (9)
Scrolls
 e - 2 scrolls of amnesia {unknown}
 h - 4 scrolls of remove curse
 m - a scroll of magic mapping
 n - a scroll of noise {unknown}
 o - 2 scrolls of enchant armour
 u - 3 scrolls of enchant weapon
 w - 3 scrolls of teleportation {unknown}
 x - 3 scrolls of fog
 B - 7 scrolls of identify
Potions
 d - 4 potions of might
 g - 7 potions of curing
 i - a potion of magic {unknown}
 j - 4 potions of flight {unknown}
 k - a potion of agility
 p - 3 potions of brilliance
 q - 2 potions of haste
 v - a potion of heal wounds {unknown}
 z - a potion of berserk rage {unknown}
Comestibles
 f - 6 rations


   Skills:
 + Level 6.0 Fighting
 + Level 16.6 Axes
 - Level 3.2 Armour
 - Level 3.2 Shields


You had 9 spell levels left.
You didn't know any spells.
Your spell library contained the following spells:

 Spells                   Type           Power        Failure   Level  Hunger
 Cause Fear               Hex            #.........   100%        4    #####..
 Silence                  Hex/Air        #.........   100%        5    ######.
 Yara's Violent Unravell  Hex/Tmut       #.........   100%        5    ######.
 Deflect Missiles         Chrm/Air       #.........   100%        6    #######
 Discord                  Hex            #.........   100%        8    #######


Dungeon Overview and Level Annotations

Branches:
Dungeon (8/15)             Temple (1/1) D:7         Ossuary (visited)
   Lair: D:8-11

Altars:
Ashenzari
Cheibriados
Dithmenos
Elyvilon
Fedhas
Gozag
Hepliaklqana
Kikubaaqudgha
Makhleb
Nemelex Xobeh
Okawaru
Qazlal
Ru
Sif Muna
Trog
Uskayaw
Vehumet
Wu Jian
Xom
Yredelemnul
Zin
The Shining One

Shops:
D:5 [   D:6 (

Annotations:
D:2 1 runed translucent door, Crazy Yiuf


Message History

The wyvern closely misses you. You block the adder's attack.
The bullfrog zombie hits you but does no damage.
The adder bites you but does no damage. The wyvern bites you.
* * * LOW HITPOINT WARNING * * *
You block the wyvern's attack.
The bullfrog zombie hits you but does no damage.
The wyvern bites you!
* * * LOW HITPOINT WARNING * * *
The wyvern closely misses you.
You open the door.
An iguana and a centaur come into view.
The centaur wields a +0 shortbow.
The centaur shoots an arrow.
The arrow barely misses you.
The arrow hits the bullfrog zombie!
The wyvern barely misses you. You block the bullfrog zombie's attack.
The centaur shoots an arrow.
The arrow hits you.
* * * LOW HITPOINT WARNING * * *
The bullfrog zombie hits you but does no damage.
The wyvern bites you!
You die...

# ..##############
.......^...WOaS#######
...>.......c.lZ.......
............##@######
......#####.##'#####
..... #........# ....
#.l......# ...
#........# ..
#........# .
#...c....+ ##.......#
#<..#+####


You could see a wraith, a wyvern, an ogre, 2 centaurs, an iguana, a worker ant,
an adder and a bullfrog zombie.

Vanquished Creatures
  Joseph (D:7)
  Prince Ribbit (D:7)
  Grinder (D:2)
  A wraith (Ossuary)
  Sigmund (D:2)
  Duvessa (D:7)
  An ice beast (D:7)
  3 sky beasts (D:6)
  A black bear (D:6)
  2 phantoms (D:6)
  3 ogres
  A centaur (D:6)
  A big kobold (D:5)
  3 bullfrogs
  Dowan (D:7)
  2 scorpions
  2 crimson imps (D:6)
  A jelly (D:5)
  An orc priest (D:3)
  5 hounds
  An orc wizard (D:5)
  A centaur skeleton (D:7)
  A bullfrog skeleton (D:6)
  Jessica (D:3)
  Natasha (thrice) (D:2)
  3 iguanas
  5 worker ants
  A killer bee zombie (D:6)
  3 hound skeletons
  A mummy (Ossuary)
  A worker ant zombie (D:5)
  Robin (D:2)
  14 gnolls
  10 adders
  An ooze (D:2)
  2 worms
  4 dart slugs
  6 leopard geckos
  18 orcs
  A ball python (D:4)
  6 giant cockroaches
  13 goblins
  7 hobgoblins
  2 jackals (D:2)
  4 quokkas
  4 bats
  12 frilled lizards
  A giant cockroach zombie (D:5)
  6 gnoll skeletons (Ossuary)
  A goblin zombie (D:6)
  2 jackal skeletons
  11 kobolds
  7 kobold skeletons (Ossuary)
  A leopard gecko skeleton (D:5)
  2 leopard gecko zombies
  12 orc skeletons (Ossuary)
  A quokka skeleton (D:4)
  A quokka zombie (D:6)
  8 rats
212 creatures vanquished.

Vanquished Creatures (others)
  A ghoul (D:1)
  A minotaur (D:1)
  A draconian (D:1)
  An octopode (D:1)
  A gargoyle (D:1)
  A vine stalker (D:1)
  2 trolls (D:1)
  A naga (D:1)
  A dwarf (D:1)
  An ogre (D:1)
  A kobold (D:1)
  6 tentacles (D:1)
18 creatures vanquished.

Grand Total: 230 creatures vanquished

Notes
Turn   | Place    | Note
-------+----------+-------------------------------------------
     0 | D:1      | Delamore the Hill Orc Fighter began the quest for the Orb.
     0 | D:1      | Reached XP level 1. HP: 19/19 MP: 1/1
     0 | D:1      | Noticed a troll
     0 | D:1      | Noticed an ogre
     0 | D:1      | Noticed a vine stalker
     0 | D:1      | Noticed a gargoyle
     0 | D:1      | Noticed a ghoul
     0 | D:1      | Noticed a kraken
     0 | D:1      | Noticed a naga
     0 | D:1      | Noticed a draconian
     0 | D:1      | Noticed a minotaur
     0 | D:1      | Noticed a dwarf
     0 | D:1      | Noticed an octopode
     0 | D:1      | Noticed a troll
     5 | D:1      | Killed a gargoyle
     5 | D:1      | Killed a draconian
     5 | D:1      | Killed a dwarf
     9 | D:1      | Killed a minotaur
    10 | D:1      | Killed a troll
    11 | D:1      | Killed a ghoul
    12 | D:1      | Killed an octopode
    12 | D:1      | Killed a troll
    13 | D:1      | Killed an ogre
    15 | D:1      | Killed a naga
    16 | D:1      | Killed a vine stalker
    72 | D:1      | Reached skill level 3 in Axes
   135 | D:1      | Reached XP level 2. HP: 21/26 MP: 2/2
   303 | D:1      | Reached skill level 4 in Axes
   781 | D:1      | Reached XP level 3. HP: 29/31 MP: 3/3
   899 | D:2      | Noticed Sigmund
   924 | D:2      | Killed Sigmund
   924 | D:2      | Reached skill level 7 in Axes
   924 | D:2      | Reached XP level 4. HP: 3/39 MP: 4/4
   924 | D:2      | Reached XP level 5. HP: 4/45 MP: 5/5
  1454 | D:2      | Reached skill level 8 in Axes
  1456 | D:2      | Reached XP level 6. HP: 45/51 MP: 6/6
  1558 | D:2      | Noticed Natasha
  1563 | D:2      | Killed Natasha
  1581 | D:2      | Noticed Natasha
  1611 | D:2      | Killed Natasha
  1725 | D:2      | Noticed Natasha
  1730 | D:2      | Killed Natasha
  1875 | D:2      | Noticed Robin
  1892 | D:2      | Reached skill level 9 in Axes
  1908 | D:2      | Killed Robin
  2469 | D:2      | Found a runed translucent door.
  2470 | D:2      | Noticed Crazy Yiuf
  2741 | D:3      | Noticed Grinder
  2848 | D:2      | Killed Grinder
  2848 | D:2      | Reached skill level 10 in Axes
  2848 | D:2      | Reached XP level 7. HP: 56/57 MP: 7/7
  2899 | D:3      | Found a transporter.
  2906 | D:3      | Noticed Jessica
  2914 | D:3      | Killed Jessica
  2939 | D:3      | Found a transporter.
  3017 | D:3      | You fall into a shaft and drop 3 floors!
  3073 | D:6      | Found a sand-covered staircase.
  3088 | D:6      | Reached skill level 11 in Axes
  3091 | Ossuary  | Entered an ossuary
  3091 | Ossuary  | Noticed a wraith
  3091 | Ossuary  | Noticed a wraith
  3091 | Ossuary  | Noticed a wraith
  3268 | Ossuary  | Noticed a wraith
  3314 | Ossuary  | Killed a wraith
  3314 | Ossuary  | Reached XP level 8. HP: 63/64 MP: 8/8
  3377 | D:6      | Reached skill level 12 in Axes
  3645 | D:6      | Found Ymifejy's Weapon Shoppe.
  3679 | D:5      | Entered Level 5 of the Dungeon
  4140 | D:3      | Found a blossoming altar of Fedhas.
  4146 | D:3      | Found a snail-covered altar of Cheibriados.
  5011 | D:4      | Reached skill level 13 in Axes
  5611 | D:4      | Found a sparkling altar of Nemelex Xobeh.
  5611 | D:4      | Found a radiant altar of Vehumet.
  6326 | D:5      | Reached skill level 14 in Axes
  6326 | D:5      | Reached XP level 9. HP: 69/70 MP: 9/9
  6362 | D:5      | Found Kutiqam's Armour Boutique.
  7095 | D:6      | Reached skill level 15 in Axes
  7802 | D:7      | Found a staircase to the Ecumenical Temple.
  7809 | Temple   | Entered the Ecumenical Temple
  7952 | Temple   | Became a worshipper of Warmaster Okawaru
  8087 | D:7      | Noticed Joseph
  8123 | D:7      | Killed Joseph
  8123 | D:7      | Reached skill level 16 in Axes
  8609 | D:7      | Noticed Prince Ribbit
  8611 | D:7      | Noticed Duvessa
  8614 | D:7      | Noticed Dowan
  8881 | D:6      | Reached * piety under Okawaru
  9087 | D:7      | Killed Duvessa
  9098 | D:7      | Killed Prince Ribbit
  9098 | D:7      | Reached skill level 5 in Fighting
  9098 | D:7      | Reached XP level 10. HP: 77/81 MP: 10/10
  9102 | D:7      | Killed Dowan
  9754 | D:8      | HP: 4/83 [centaur/arrow (4)]
  9754 | D:8      | Mangled by a wyvern

Levels and vault maps discovered:
D:1:      nicolae_arrival_kraken_aquarium_a, layout_basic,
          palyth_stone_intersect, st_stairs_3, wad_floor_pattern_untrapped
D:2:      layout_loops_ring, first_ration, uniq_natasha,
          uniq_crazy_yiuf_cottage, uniq_robin, uniq_sigmund
D:3:      gammafunk_wand_slinger, layout_rooms, minitemple, uniq_jessica,
          uniq_grinder
D:4:      layout_basic, amethyst_overflow_temple_binary,
          kennysheep_windowed_goal
D:5:      layout_basic, serial_shops, nicolae_shop_trees
D:6:      minmay_octagon_keep, layout_basic, serial_shops, shop, enter_ossuary_4
D:7:      layout_gridville, minmay_temple_entry_sparse_star, uniq_joseph,
          uniq_duvessa, uniq_prince_ribbit1
D:8:      layout_basic, the_bakery, yredelemnul_altar_generic
Temple:   dpeg_five_rooms_temple

Skill      XL: |  1  2  3  4  5  6  7  8  9 10 |
---------------+-------------------------------+-----
Axes           | 3 4 7 8 10 11 14 16 | 16.6
Fighting       | 5 6 |  6.0
Armour         | |  3.2
Shields        | |  3.2

Action                   |  1- 3 |  4- 6 |  7- 9 | 10-12 || total
-------------------------+-------+-------+-------+-------++-------
Melee: War axe           |    83 |   144 |   448 |    33 ||   708
       Unarmed           |       |     5 |       |       ||     5
Throw: Dart              |       |       |    22 |       ||    22
  Use: Scroll            |       |       |     9 |       ||     9
  Eat: Chunk             |       |     6 |    20 |     1 ||    27
Armor: Scale mail        |    25 |    56 |   139 |    19 ||   239
Dodge: Dodged            |    26 |    45 |    82 |    10 ||   163
Block: Shield            |    34 |    61 |   163 |    16 ||   274
